General information
			
			
        
        - name: BNet
 
        - type: Ladder team game (AT/RT)
 
        - host: Battle.net
 
        - saver: BEAR_AND
 
        
map: GolemsInTheMist 
        - players: 8
 
        - length: 41:34
 
        - speed: Fast
 - version: 1.22 W3XP
 - replay type:  

 
» download(462 KB)
Players
        team 1 (loser) 
              
              
beli (
pink | 126 APM | 5163 actions | 40:52)
              
 6 Far Seer 
 3 Feral Spirit
 3 Chain Lighting
 5 Tauren Chieftain 
 2 Shockwave
 3 Endurance Aura
 
                » actions 
                
                | Assign group hotkey | 551 |  | 
| Basic commands | 273 |  | 
| Build / train | 88 |  | 
| ESC pressed | 10 |  | 
| Enter build submenu | 18 |  | 
| Enter hero's abilities submenu | 12 |  | 
| Give item / drop item | 4 |  | 
| Right click | 1344 |  | 
| Select / deselect | 1116 |  | 
| Select group hotkey | 1504 |  | 
| Use ability | 243 |  | 
                5163 total
 » units 
                
                | Peon | 12 |  | 
| Grunt | 8 |  | 
| Raider | 3 |  | 
| Demolisher | 4 |  | 
| Kodo Beast | 1 |  | 
| Troll Batrider | 7 |  | 
                35 total
 » upgrades
                
                | Ensnare | 1 |  | 
| Ranged Weapons | 1 |  | 
| Burning Oil | 1 |  | 
                3 total
 » buildings
                
                | Altar of Storms | 1 |  | 
| Orc Burrow | 8 |  | 
| Barracks | 2 |  | 
| Voodoo Lounge | 1 |  | 
| Stronghold | 1 |  | 
| Beastiary | 2 |  | 
| War Mill | 1 |  | 
| Fortress | 2 |  | 
| Great Hall | 3 |  | 
                21 total
 » build order
                00:07 Altar of Storms
00:16 Orc Burrow
00:34 Barracks
01:27 Orc Burrow
01:58 Voodoo Lounge
02:56 Stronghold
05:24 Orc Burrow
05:25 Beastiary
05:26 Beastiary
06:36 Barracks
07:02 War Mill
09:49 Orc Burrow
13:29 Fortress
13:44 Orc Burrow
15:29 Great Hall
19:51 Great Hall
22:21 Great Hall
24:04 Orc Burrow
24:06 Orc Burrow
24:08 Orc Burrow
» items
                
                | Rod of Necromancy | 4 |  | 
| Healing Salve | 1 |  | 
| Lesser Clarity Potion | 6 |  | 
| Scroll of Town Portal | 12 |  | 
| Scroll of Speed | 3 |  | 
| Potion of Healing | 2 |  | 
| Orb of Lightning | 1 |  | 
| Scroll of Healing | 2 |  | 
                31 total
  
               
              
              
boli (
orange | 66 APM | 2709 actions | 40:54)
              
 5 Blademaster 
 3 Wind Walk
 2 Critical Strike
 3 Shadow Hunter 
 2 Hex
 1 Healing Wave
 
                » actions 
                
                | Assign group hotkey | 11 |  | 
| Basic commands | 101 |  | 
| Build / train | 66 |  | 
| ESC pressed | 7 |  | 
| Enter build submenu | 26 |  | 
| Enter hero's abilities submenu | 8 |  | 
| Right click | 1638 |  | 
| Select / deselect | 413 |  | 
| Select group hotkey | 284 |  | 
| Use ability | 155 |  | 
                2709 total
 » units 
                
                | Peon | 12 |  | 
| Grunt | 5 |  | 
| Raider | 8 |  | 
| Troll Batrider | 6 |  | 
                31 total
 » upgrades
                » buildings
                
                | Altar of Storms | 1 |  | 
| Orc Burrow | 14 |  | 
| Barracks | 1 |  | 
| Stronghold | 2 |  | 
| Voodoo Lounge | 1 |  | 
| Beastiary | 2 |  | 
| War Mill | 1 |  | 
| Watch Tower | 4 |  | 
| Fortress | 1 |  | 
| Great Hall | 1 |  | 
                28 total
 » build order
                00:09 Altar of Storms
00:21 Orc Burrow
00:41 Barracks
01:29 Orc Burrow
03:23 Stronghold
03:24 Voodoo Lounge
04:13 Orc Burrow
06:19 Beastiary
06:19 Beastiary
06:48 War Mill
08:05 Orc Burrow
09:46 Orc Burrow
09:46 Orc Burrow
09:47 Orc Burrow
10:46 Orc Burrow
11:10 Watch Tower
11:10 Watch Tower
12:03 Watch Tower
12:03 Watch Tower
13:15 Orc Burrow
13:17 Orc Burrow
15:51 Orc Burrow
15:52 Orc Burrow
17:50 Orc Burrow
22:35 Orc Burrow
22:41 Fortress
25:43 Great Hall
» items
                
                | Healing Salve | 3 |  | 
| Lesser Clarity Potion | 1 |  | 
| Scroll of Town Portal | 7 |  | 
| Scroll of Speed | 4 |  | 
                15 total
  
               
              
              
COOLMIKE162 (
purple | 102 APM | 4184 actions | 40:50)
              
 7 Death Knight 
 3 Death Coil
 3 Unholy Aura
 1 Animate Dead
 6 Lich 
 3 Frost Nova
 2 Frost Armor
 1 Death and Decay
 6 Dreadlord 
 2 Sleep
 3 Carrion Swarm
 1 Inferno
 
                » actions 
                
                | Assign group hotkey | 62 |  | 
| Basic commands | 28 |  | 
| Build / train | 87 |  | 
| ESC pressed | 1 |  | 
| Enter build submenu | 24 |  | 
| Enter hero's abilities submenu | 19 |  | 
| Give item / drop item | 6 |  | 
| Right click | 1559 |  | 
| Select / deselect | 824 |  | 
| Select group hotkey | 1377 |  | 
| Use ability | 197 |  | 
                4184 total
 » units 
                
                | Acolyte | 8 |  | 
| Ghoul | 4 |  | 
| Crypt Fiend | 9 |  | 
| Goblin Zeppelin | 1 |  | 
| Goblin Shredder | 2 |  | 
| Frost Wyrm | 8 |  | 
| Goblin Sapper | 1 |  | 
| Obsidian Statue | 1 |  | 
                34 total
 » upgrades
                
                | Burrow | 1 |  | 
| Creature Attack | 3 |  | 
| Creature Carapace | 3 |  | 
| Web | 1 |  | 
| Freezing Breath | 1 |  | 
| Destroyer Form | 1 |  | 
                10 total
 » buildings
                
                | Crypt | 2 |  | 
| Graveyard | 1 |  | 
| Altar of Darkness | 1 |  | 
| Ziggurat | 8 |  | 
| Tomb of Relics | 1 |  | 
| Spirit Tower | 2 |  | 
| Nerubian Tower | 1 |  | 
| Halls of the Dead | 1 |  | 
| Black Citadel | 1 |  | 
| Sacrificial Pit | 1 |  | 
| Boneyard | 3 |  | 
| Slaughterhouse | 1 |  | 
| Necropolis | 1 |  | 
                24 total
 » build order
                00:13 Crypt
00:23 Graveyard
00:41 Altar of Darkness
00:57 Ziggurat
01:24 Tomb of Relics
02:00 Ziggurat
03:26 Spirit Tower
03:29 Nerubian Tower
04:21 Crypt
05:35 Halls of the Dead
07:02 Ziggurat
07:03 Ziggurat
10:18 Black Citadel
10:52 Sacrificial Pit
10:53 Ziggurat
12:29 Ziggurat
13:35 Boneyard
13:36 Boneyard
13:37 Boneyard
14:05 Ziggurat
15:09 Slaughterhouse
16:53 Spirit Tower
19:13 Ziggurat
28:14 Necropolis
» items
                
                | Rod of Necromancy | 2 |  | 
| Scroll of Town Portal | 9 |  | 
| Lesser Clarity Potion | 2 |  | 
| Orb of Corruption | 1 |  | 
| Potion of Mana | 2 |  | 
                16 total
  
               
              
              
» 
SDFWESDER (
green | 79 APM | 3286 actions | 41:33)
              
 2 Blademaster 
 1 Wind Walk
 1 Critical Strike
 4 Shadow Hunter 
 2 Healing Wave
 2 Hex
 
                » actions 
                
                | Assign group hotkey | 160 |  | 
| Basic commands | 1 |  | 
| Build / train | 34 |  | 
| ESC pressed | 1 |  | 
| Enter build submenu | 12 |  | 
| Enter hero's abilities submenu | 6 |  | 
| Give item / drop item | 3 |  | 
| Right click | 2161 |  | 
| Select / deselect | 325 |  | 
| Select group hotkey | 509 |  | 
| Use ability | 74 |  | 
                3286 total
 » units 
                » buildings
                
                | Altar of Storms | 1 |  | 
| Orc Burrow | 3 |  | 
| Barracks | 2 |  | 
| War Mill | 1 |  | 
| Stronghold | 3 |  | 
| Voodoo Lounge | 1 |  | 
| Watch Tower | 2 |  | 
                13 total
 » build order
                00:06 Altar of Storms
00:13 Orc Burrow
00:33 Barracks
01:54 Orc Burrow
02:34 War Mill
03:43 Stronghold
03:43 Stronghold
04:21 Barracks
04:23 Voodoo Lounge
04:24 Orc Burrow
05:10 Watch Tower
05:11 Watch Tower
» items
                
                | Scroll of Town Portal | 3 |  | 
| Healing Salve | 1 |  | 
| Lesser Clarity Potion | 3 |  | 
                7 total
  
               team 2 (winner) 
              
              
» 
1st_Panzer_Div. (
blue | 96 APM | 3979 actions | 41:34)
              
 6 Dreadlord 
 3 Sleep
 2 Vampiric Aura
 1 Inferno
 
                » actions 
                
                | Assign group hotkey | 643 |  | 
| Basic commands | 485 |  | 
| Build / train | 60 |  | 
| ESC pressed | 2 |  | 
| Enter build submenu | 21 |  | 
| Enter hero's abilities submenu | 6 |  | 
| Give item / drop item | 1 |  | 
| Remove unit from queue | 1 |  | 
| Right click | 750 |  | 
| Select / deselect | 425 |  | 
| Select group hotkey | 1457 |  | 
| Use ability | 128 |  | 
                3979 total
 » units 
                
                | Acolyte | 2 |  | 
| Ghoul | 14 |  | 
| Frost Wyrm | 13 |  | 
| Meatwagon | 1 |  | 
| Obsidian Statue | 1 |  | 
                31 total
 » upgrades
                
                | Cannibalize | 1 |  | 
| Creature Attack | 1 |  | 
| Creature Carapace | 1 |  | 
                3 total
 » buildings
                
                | Crypt | 1 |  | 
| Altar of Darkness | 2 |  | 
| Ziggurat | 7 |  | 
| Tomb of Relics | 1 |  | 
| Nerubian Tower | 2 |  | 
| Halls of the Dead | 1 |  | 
| Graveyard | 1 |  | 
| Black Citadel | 5 |  | 
| Slaughterhouse | 1 |  | 
| Sacrificial Pit | 1 |  | 
| Boneyard | 2 |  | 
| Spirit Tower | 1 |  | 
| Necropolis | 2 |  | 
                27 total
 » build order
                00:07 Crypt
00:08 Altar of Darkness
00:25 Ziggurat
00:58 Tomb of Relics
01:22 Ziggurat
02:23 Nerubian Tower
05:38 Halls of the Dead
05:40 Graveyard
07:37 Ziggurat
07:39 Ziggurat
08:11 Black Citadel
08:12 Black Citadel
08:12 Black Citadel
08:12 Black Citadel
08:31 Nerubian Tower
09:29 Slaughterhouse
09:47 Sacrificial Pit
10:15 Ziggurat
10:44 Boneyard
10:46 Boneyard
12:12 Spirit Tower
12:50 Altar of Darkness
15:01 Ziggurat
16:56 Ziggurat
30:29 Necropolis
41:11 Necropolis
» items
                
                | Rod of Necromancy | 2 |  | 
| Potion of Mana | 1 |  | 
| Orb of Corruption | 1 |  | 
| Scroll of Town Portal | 3 |  | 
| Scroll of Regeneration | 1 |  | 
| Staff of Sanctuary | 1 |  | 
                9 total
  
               
              
              
BEAR_AND (
yellow | 157 APM | 6526 actions | 41:34)
              
 5 Mountain King 
 3 Storm Bolt
 2 Bash
 4 Paladin 
 2 Holy Light
 2 Divine Shield
 
                » actions 
                
                | Assign group hotkey | 39 |  | 
| Basic commands | 20 |  | 
| Build / train | 135 |  | 
| Enter build submenu | 41 |  | 
| Enter hero's abilities submenu | 9 |  | 
| Give item / drop item | 4 |  | 
| Remove unit from queue | 29 |  | 
| Right click | 3656 |  | 
| Select / deselect | 736 |  | 
| Select group hotkey | 1653 |  | 
| Use ability | 204 |  | 
                6526 total
 » units 
                
                | Peasant | 17 |  | 
| Footman | 17 |  | 
| Goblin Shredder | 1 |  | 
| Rifleman | 10 |  | 
| Sorceress | 6 |  | 
| Goblin Zeppelin | 2 |  | 
| Gryphon Rider | 3 |  | 
                56 total
 » upgrades
                
                | Masonry | 2 |  | 
| Lumber Harvesting | 1 |  | 
| Long Rifles | 1 |  | 
| Priest Training | 0 |  | 
| Sorceress Training | 1 |  | 
| Gunpowder | 2 |  | 
| Swords | 0 |  | 
| Magic Sentry | 0 |  | 
| Animal War Training | 1 |  | 
| Armor | 1 |  | 
| Storm Hammers | 0 |  | 
                9 total
 » buildings
                
                | Altar of Kings | 1 |  | 
| Barracks | 4 |  | 
| Farm | 13 |  | 
| Lumber Mill | 2 |  | 
| Scout Tower | 4 |  | 
| Guard Tower | 2 |  | 
| Arcane Tower | 1 |  | 
| Keep | 3 |  | 
| Arcane Vault | 2 |  | 
| Arcane Sanctum | 3 |  | 
| Blacksmith | 1 |  | 
| Town Hall | 4 |  | 
| Gryphon Aviary | 2 |  | 
| Castle | 2 |  | 
                44 total
 » build order
                00:11 Altar of Kings
00:19 Barracks
00:33 Farm
00:49 Farm
01:35 Farm
02:11 Lumber Mill
02:58 Farm
03:12 Scout Tower
03:12 Scout Tower
03:13 Scout Tower
03:13 Scout Tower
03:47 Guard Tower
04:05 Guard Tower
04:38 Arcane Tower
06:58 Keep
06:59 Keep
07:02 Barracks
07:37 Arcane Vault
09:26 Arcane Sanctum
09:26 Arcane Sanctum
09:53 Arcane Sanctum
09:56 Blacksmith
10:16 Farm
10:17 Farm
10:17 Farm
10:21 Barracks
12:31 Barracks
12:37 Farm
12:38 Farm
15:34 Lumber Mill
16:20 Town Hall
16:54 Farm
16:55 Farm
16:55 Farm
16:56 Farm
23:12 Town Hall
25:18 Arcane Vault
26:34 Gryphon Aviary
26:36 Gryphon Aviary
27:30 Castle
27:30 Castle
32:58 Town Hall
36:27 Town Hall
» items
                
                | Scroll of Regeneration | 2 |  | 
| Lesser Clarity Potion | 5 |  | 
| Potion of Healing | 3 |  | 
| Scroll of Town Portal | 9 |  | 
| Staff of Sanctuary | 2 |  | 
                21 total
  
               
              
              
Mata. (
red | 135 APM | 5611 actions | 41:34)
              
 6 Archmage 
 3 Summon Water Elemental
 2 Brilliance Aura
 1 Mass Teleport
 
                » actions 
                
                | Assign group hotkey | 524 |  | 
| Basic commands | 49 |  | 
| Build / train | 230 |  | 
| Enter build submenu | 122 |  | 
| Enter hero's abilities submenu | 6 |  | 
| Remove unit from queue | 1 |  | 
| Right click | 1960 |  | 
| Select / deselect | 956 |  | 
| Select group hotkey | 1459 |  | 
| Use ability | 304 |  | 
                5611 total
 » units 
                
                | Peasant | 51 |  | 
| Footman | 6 |  | 
| Priest | 8 |  | 
| Sorceress | 1 |  | 
| Gryphon Rider | 9 |  | 
| Dragonhawk Rider | 8 |  | 
                83 total
 » upgrades
                
                | Masonry | 3 |  | 
| Lumber Harvesting | 2 |  | 
| Priest Training | 2 |  | 
| Magic Sentry | 1 |  | 
| Storm Hammers | 1 |  | 
| Armor | 2 |  | 
| Animal War Training | 1 |  | 
| Swords | 2 |  | 
                14 total
 » buildings
                
                | Altar of Kings | 1 |  | 
| Farm | 10 |  | 
| Barracks | 2 |  | 
| Scout Tower | 84 |  | 
| Arcane Tower | 11 |  | 
| Keep | 1 |  | 
| Arcane Vault | 3 |  | 
| Lumber Mill | 2 |  | 
| Guard Tower | 97 |  | 
| Town Hall | 4 |  | 
| Arcane Sanctum | 2 |  | 
| Gryphon Aviary | 2 |  | 
| Castle | 1 |  | 
| Blacksmith | 2 |  | 
                222 total
 » build order
                00:03 Altar of Kings
00:20 Farm
00:29 Barracks
00:31 Barracks
01:03 Farm
01:51 Scout Tower
02:18 Farm
02:20 Arcane Tower
04:18 Keep
04:34 Arcane Vault
04:36 Farm
05:41 Scout Tower
05:57 Scout Tower
06:05 Scout Tower
06:06 Arcane Tower
06:06 Arcane Tower
06:06 Arcane Tower
06:09 Lumber Mill
06:13 Scout Tower
06:25 Arcane Tower
06:25 Arcane Tower
06:26 Arcane Tower
06:47 Guard Tower
06:48 Guard Tower
06:48 Guard Tower
06:49 Scout Tower
06:50 Scout Tower
06:51 Scout Tower
07:09 Scout Tower
07:14 Scout Tower
07:15 Scout Tower
07:17 Guard Tower
07:18 Guard Tower
07:18 Guard Tower
07:26 Guard Tower
07:26 Guard Tower
07:26 Guard Tower
07:26 Guard Tower
07:32 Guard Tower
07:32 Guard Tower
07:32 Guard Tower
07:32 Guard Tower
07:49 Guard Tower
07:50 Guard Tower
07:50 Guard Tower
07:52 Guard Tower
07:53 Guard Tower
08:09 Town Hall
08:17 Guard Tower
08:17 Guard Tower
09:40 Scout Tower
09:40 Scout Tower
10:14 Farm
10:16 Guard Tower
10:21 Arcane Sanctum
10:36 Guard Tower
10:37 Guard Tower
10:38 Scout Tower
10:38 Scout Tower
10:56 Scout Tower
11:04 Guard Tower
11:05 Guard Tower
11:05 Guard Tower
11:10 Scout Tower
11:14 Scout Tower
11:33 Scout Tower
11:34 Scout Tower
11:38 Guard Tower
11:39 Guard Tower
11:41 Scout Tower
11:41 Scout Tower
11:52 Scout Tower
11:53 Scout Tower
11:53 Guard Tower
11:53 Guard Tower
12:10 Guard Tower
12:10 Guard Tower
12:12 Scout Tower
12:12 Scout Tower
12:22 Guard Tower
12:23 Guard Tower
12:26 Scout Tower
12:26 Scout Tower
12:43 Guard Tower
12:44 Guard Tower
12:44 Guard Tower
12:44 Guard Tower
12:50 Guard Tower
12:50 Guard Tower
12:56 Guard Tower
13:01 Arcane Vault
13:28 Arcane Vault
13:50 Gryphon Aviary
14:03 Guard Tower
14:03 Guard Tower
14:08 Castle
14:27 Gryphon Aviary
14:41 Scout Tower
14:42 Scout Tower
14:43 Scout Tower
15:12 Scout Tower
15:13 Scout Tower
15:14 Scout Tower
15:53 Scout Tower
15:54 Scout Tower
15:54 Scout Tower
16:37 Scout Tower
16:38 Scout Tower
16:39 Scout Tower
17:07 Guard Tower
17:31 Scout Tower
17:58 Guard Tower
17:58 Guard Tower
17:59 Guard Tower
18:25 Scout Tower
18:27 Scout Tower
18:28 Scout Tower
18:29 Scout Tower
18:31 Scout Tower
18:32 Scout Tower
18:32 Scout Tower
18:59 Farm
19:01 Farm
19:17 Scout Tower
19:18 Scout Tower
19:18 Scout Tower
19:43 Guard Tower
19:44 Guard Tower
20:07 Scout Tower
20:10 Scout Tower
20:11 Scout Tower
20:12 Scout Tower
20:28 Scout Tower
20:41 Guard Tower
20:41 Guard Tower
20:53 Farm
20:54 Farm
21:03 Lumber Mill
21:04 Blacksmith
21:07 Blacksmith
21:25 Farm
22:21 Arcane Sanctum
26:56 Scout Tower
26:56 Scout Tower
26:57 Scout Tower
27:00 Scout Tower
28:01 Town Hall
33:46 Scout Tower
33:47 Scout Tower
33:47 Scout Tower
33:49 Scout Tower
33:52 Scout Tower
33:54 Scout Tower
34:05 Scout Tower
34:07 Scout Tower
34:23 Guard Tower
34:23 Guard Tower
34:24 Scout Tower
34:25 Scout Tower
34:45 Guard Tower
34:46 Guard Tower
34:47 Scout Tower
34:48 Scout Tower
34:54 Guard Tower
35:15 Guard Tower
35:15 Guard Tower
35:17 Scout Tower
35:17 Scout Tower
35:51 Guard Tower
35:51 Guard Tower
35:55 Scout Tower
36:01 Scout Tower
36:02 Scout Tower
36:30 Town Hall
39:09 Scout Tower
39:13 Scout Tower
39:31 Scout Tower
39:33 Arcane Tower
39:34 Arcane Tower
40:32 Guard Tower
40:32 Guard Tower
40:33 Scout Tower
40:34 Scout Tower
40:34 Scout Tower
40:43 Guard Tower
40:43 Guard Tower
40:44 Scout Tower
41:10 Guard Tower
41:10 Guard Tower
41:12 Town Hall
» items
                
                | Scroll of Town Portal | 2 |  | 
| Staff of Preservation | 1 |  | 
| Scroll of Regeneration | 1 |  | 
                4 total
  
               
              
              
» 
TIMG4STRok (
teal | 113 APM | 4680 actions | 41:34)
              
 6 Demon Hunter 
 3 Mana Burn
 2 Evasion
 1 Metamorphosis
 
                » actions 
                
                | Assign group hotkey | 36 |  | 
| Basic commands | 181 |  | 
| Build / train | 96 |  | 
| ESC pressed | 3 |  | 
| Enter build submenu | 28 |  | 
| Enter hero's abilities submenu | 6 |  | 
| Give item / drop item | 2 |  | 
| Right click | 2261 |  | 
| Select / deselect | 487 |  | 
| Select group hotkey | 1441 |  | 
| Use ability | 139 |  | 
                4680 total
 » units 
                » upgrades
                
                | Improved Bows | 1 |  | 
| Abolish Magic | 1 |  | 
| Ultravision | 1 |  | 
| Strength of the Wild | 3 |  | 
| Nature's Blessing | 1 |  | 
| Well Spring | 1 |  | 
| Reinforced Hides | 3 |  | 
                11 total
 » buildings
                
                | Altar of Elders | 1 |  | 
| Moon Well | 7 |  | 
| Ancient of War | 2 |  | 
| Tree of Ages | 1 |  | 
| Hunter's Hall | 2 |  | 
| Ancient of Lore | 3 |  | 
| Ancient of Wonders | 2 |  | 
| Ancient Protector | 6 |  | 
| Tree of Eternity | 1 |  | 
| Tree of Life | 1 |  | 
| Ancient of Wind | 1 |  | 
                27 total
 » build order
                00:06 Altar of Elders
00:17 Moon Well
00:59 Ancient of War
01:36 Moon Well
02:33 Moon Well
04:19 Tree of Ages
04:20 Moon Well
04:54 Ancient of War
06:45 Hunter's Hall
09:46 Ancient of Lore
09:46 Ancient of Lore
09:49 Ancient of Lore
09:56 Ancient of Wonders
09:58 Moon Well
10:52 Ancient Protector
11:13 Ancient Protector
11:41 Moon Well
11:42 Moon Well
13:11 Ancient of Wonders
13:13 Tree of Eternity
13:49 Ancient Protector
19:01 Tree of Life
23:59 Ancient Protector
24:00 Ancient Protector
24:01 Ancient Protector
24:20 Ancient of Wind
34:54 Hunter's Hall
» items
                
                | Scroll of Town Portal | 9 |  | 
| Potion of Healing | 4 |  | 
| Scroll of Regeneration | 2 |  | 
| Orb of Venom | 1 |  | 
| Staff of Preservation | 1 |  | 
| Anti-magic Potion | 1 |  | 
                18 total
  
                Chat log
          
(01:04 / Allies) 1st_Panzer_Div.: we do
(01:34 / Allies) 1st_Panzer_Div.: maybe double far seer far sight
(11:56 / Allies) 1st_Panzer_Div.: ok yea bad idea
(12:34 / Allies) 1st_Panzer_Div.: nope I'm dead
(16:33 / Allies) 1st_Panzer_Div.: fuck that I'm coming top
(23:03 / Allies) 1st_Panzer_Div.: so what's the plan?
(26:54 / Allies) 1st_Panzer_Div.: get out of there?
(29:27 / All) COOLMIKE162: nice tp tim
(29:28 / All) COOLMIKE162: stuipd nigger
(29:33 / All) TIMG4STRok: thanks for the win lmfao
(29:35 / All) 1st_Panzer_Div.: he always carries 2
(32:04 / Allies) 1st_Panzer_Div.: FUCK
(32:52 / All) TIMG4STRok: a nigga steal he cable,
(34:38 / Allies) 1st_Panzer_Div.: 6/5/5 :(
(40:44 / All) TIMG4STRok: leave
(40:58 / All) TIMG4STRok: bye
(41:09 / All) TIMG4STRok: Buh bye
(41:15 / All) BEAR_AND: hooooop go home
(41:19 / All) BEAR_AND: russian beli